 Dungeon Crawl Stone Soup version 0.26-a0-49-g0e6732e (webtiles) character file.

Game seed: 16590192831992963728

697 Illumine the Magician (level 7, -4/40 HPs)
             Began as a Deep Elf Fire Elementalist on June 4, 2020.
             Shot with an arrow by a centaur (13 damage)
             ... on level 5 of the Dungeon.
             The game lasted 00:10:38 (4495 turns).

Illumine the Magician (Deep Elf Fire Elementalist)  Turns: 4495, Time: 00:10:39

Health: -4/40      AC:  3    Str:  6    XL:     7   Next: 38%
Magic:  17/17      EV: 15    Int: 21    God:
Gold:   251        SH:  0    Dex: 15    Spells: 4/17 levels left

rFire    + + .     SeeInvis .   k - +0 dagger
rCold    x . .     Gourm    .   (no shield)
rNeg     . . .     Faith    +   a - +0 robe
rPois    .         Spirit   .   (no helmet)
rElec    .         Reflect  .   w - +0 cloak
rCorr    .         Harm     .   (no gloves)
MR       .....                  (no boots)
Stlth    ++........             y - amulet of faith
HPRegen  0.13/turn              e - ring of protection from fire
MPRegen  0.15/turn              z - ring of fire

@: no status effects
A: no striking features
a: no special abilities


You were on level 5 of the Dungeon.
You were not hungry.

You visited 1 branch of the dungeon, and saw 5 of its levels.
You also visited: Sewer.

You collected 251 gold pieces.

Inventory:

Hand Weapons
 k - a +0 dagger (weapon)
 o - a +0 hunting sling
Missiles
 h - 13 poisoned darts (quivered)
 p - 92 stones
Armour
 a - a +0 robe (worn)
 w - a +0 cloak (worn)
Jewellery
 e - a ring of protection from fire (left hand)
 y - an amulet of faith (around neck)
 z - a ring of fire (right hand)
Wands
 A - a wand of polymorph (9)
Scrolls
 j - a scroll of enchant armour {unknown}
 l - a scroll of teleportation {unknown}
 m - 4 scrolls of remove curse
 r - a scroll of enchant weapon {unknown}
 v - 2 scrolls of fear {unknown}
 x - 2 scrolls of fog
 C - a scroll of random uselessness {unknown}
 D - 3 scrolls of amnesia {unknown}
 E - a scroll of blinking {unknown}
Potions
 b - 2 potions of brilliance {unknown}
 d - a potion of lignification {unknown}
 f - 2 potions of curing
 g - 4 potions of heal wounds
 i - a potion of berserk rage {unknown}
 q - a potion of might {unknown}
 s - 3 potions of magic
 t - a potion of flight {unknown}
 u - a potion of ambrosia {unknown}
 B - a potion of degeneration {unknown}
Comestibles
 c - 9 rations
 n - a chunk of flesh


   Skills:
 + Level 2.1 Fighting
 + Level 4.9 Dodging
 - Level 2.4 Stealth
 + Level 5.6 Spellcasting
 + Level 4.0 Conjurations
 + Level 5.5 Fire Magic


You had 4 spell levels left.
You knew the following spells:

 Your Spells              Type           Power        Failure   Level  Hunger
a - Foxfire               Conj/Fire      ####         1%          1    None
b - Conjure Flame         Conj/Fire      #####...     4%          3    ##.....
c - Sticky Flame          Conj/Fire      #####...     14%         4    ####...
d - Fireball              Conj/Fire      #####.....   36%         5    #####..

Your spell library contained the following spells:

 Spells                   Type           Power        Failure   Level  Hunger
 Inner Flame              Hex/Fire       ####....     10%         3    ##.....


Dungeon Overview and Level Annotations

Branches:
Dungeon (5/15)              Sewer (visited)
 Temple: D:4-7

Altars:
Makhleb
Uskayaw

Annotations:
D:5 Blork the orc


Message History

Casting: Foxfire (safe; 1% risk of failure)
Confirm with . or Enter, or press ? or * to list all spells.
You feel a surge of power!
You conjure some foxfire!
The foxfire hits Blork the orc!
Blork the orc is moderately wounded.
The centaur shoots an arrow.
The arrow hits you!
Unknown command.
Your foxfire dissipates! x2
The foxfire hits Blork the orc but does no damage.
Blork the orc is moderately wounded.
Blork the orc zaps a wand.
The puff of flame hits you. You resist.
The centaur shoots an arrow.
The arrow hits you!
You see here an arrow.
The centaur shoots an arrow.
The arrow barely misses you.
You see here an arrow.
The centaur shoots an arrow.
The arrow hits you!
* * * LOW HITPOINT WARNING * * *
You see here an arrow.
The centaur shoots an arrow.
The arrow hits you!
You die...

### #<# #.# #@# #(# #.#
#.# #.# #.# #(########
################.c..(...#
........................#


You could see a centaur.

Vanquished Creatures
  Sigmund (D:2)
  An ice beast (D:5)
  2 hounds
  3 iguanas
  A worker ant (D:4)
  8 adders
  8 gnolls (D:3)
  4 river rats (Sewer)
  A shadow imp (D:5)
  3 worms
  2 dart slugs (D:1)
  5 leopard geckos
  An orc (D:4)
  8 ball pythons
  8 bats
  5 giant cockroaches
  4 goblins
  11 hobgoblins
  7 jackals (D:1)
  9 frilled lizards
  A jackal skeleton (D:5)
  8 kobolds
  16 rats
117 creatures vanquished.

Vanquished Creatures (others)
  313 foxfires
313 creatures vanquished.

Grand Total: 430 creatures vanquished

Notes
Turn   | Place    | Note
-------+----------+-------------------------------------------
     0 | D:1      | Illumine the Deep Elf Fire Elementalist began the quest for
                  | the Orb.
     0 | D:1      | Reached XP level 1. HP: 10/10 MP: 6/6
   189 | D:1      | Reached XP level 2. HP: 8/15 MP: 5/8
   681 | D:1      | Reached XP level 3. HP: 19/19 MP: 6/10
  1183 | D:2      | Found a hide-covered altar of Uskayaw.
  1236 | D:2      | Noticed Sigmund
  1366 | D:2      | Reached XP level 4. HP: 24/24 MP: 7/11
  1587 | D:2      | Found a burning altar of Makhleb.
  1925 | D:2      | Killed Sigmund
  1925 | D:2      | Reached skill level 1 in Fighting
  1925 | D:2      | Reached XP level 5. HP: 25/29 MP: 9/14
  2265 | D:3      | Reached XP level 6. HP: 34/34 MP: 11/15
  2728 | D:3      | Learned a level 3 spell: Conjure Flame
  2733 | D:3      | Learned a level 4 spell: Sticky Flame
  2897 | D:3      | Reached skill level 5 in Spellcasting
  2897 | D:3      | Reached skill level 5 in Fire Magic
  3576 | D:4      | You fall into a shaft and drop 1 floor!
  3576 | D:5      | Entered Level 5 of the Dungeon
  3589 | D:4      | Found a glowing drain.
  3601 | D:4      | Reached XP level 7. HP: 34/39 MP: 12/17
  3609 | Sewer    | Entered a sewer
  4424 | D:5      | Learned a level 5 spell: Fireball
  4484 | D:5      | Noticed Blork the orc
  4495 | D:5      | Shot with an arrow by a centaur

Illustrated notes

Levels and vault maps discovered:
D:1:      zelgadis_glass_arrival_small, layout_basic
D:2:      layout_basic, eat_drink_and_be_merry_uskayaw,
          minmay_misc_feat_ornament, makhleb_blood_cavern_becter, uniq_sigmund
D:3:      layout_basic
D:4:      layout_cave_pools, first_ration, gup_sewer_entry_glass
D:5:      layout_basic, uniq_crazy_yiuf_cottage, uniq_blork_the_orc

Skill      XL: |  1  2  3  4  5  6  7 |
---------------+----------------------+-----
Fire Magic     | 4 5 |  5.5
Dodging        | 3 4 |  4.9
Conjurations   | 2 3 4 |  4.0
Spellcasting   | 4 5 |  5.6
Fighting       | 1 2 |  2.1
Stealth        | |  2.4

Action                   |  1- 3 |  4- 6 |  7- 9 || total
-------------------------+-------+-------+-------++-------
Melee: Dagger            |       |     3 |     8 ||    11
 Cast: Foxfire           |    70 |    93 |    38 ||   201
       Conjure Flame     |       |       |     1 ||     1
  Use: Scroll            |       |     3 |     2 ||     5
 Stab: Sleeping          |       |       |     5 ||     5
  Eat: Chunk             |     1 |     7 |     3 ||    11
Armor: Robe              |     6 |     4 |       ||    10
Dodge: Dodged            |    15 |    26 |    18 ||    59

Table legend:
 A = Non-vault XP
 B = Vault XP
 C = Vault XP percentage of total XP
 D = Non-vault monster count
 E = Vault monster count
 F = Vault count percentage of total count
                 A         B        C        D         E       F
            +---------+---------+-------+---------+---------+-------
      Total |     651 |     346 |  34.7 |      92 |      25 |  21.4
            +---------+---------+-------+---------+---------+-------
        D:1 |      58 |       0 |   0.0 |      35 |       0 |   0.0
        D:2 |      62 |     247 |  79.9 |      18 |       2 |  10.0
        D:3 |     159 |       0 |   0.0 |      23 |       0 |   0.0
        D:4 |     179 |      28 |  13.5 |      10 |       3 |  23.1
        D:5 |     193 |       0 |   0.0 |       6 |       0 |   0.0
      Sewer |       0 |      71 | 100.0 |       0 |      20 | 100.0
            +---------+---------+-------+---------+---------+-------
